 Dungeon Crawl Stone Soup version 0.27.1-3-gb3d3a73c9e (webtiles) character file.

Game seed: 3500608539873461106

3355 Eitelfritz the Grappler (level 9, -9/85 HPs)
             Began as a Troll Monk on Oct 15, 2021.
             Was a Believer of Makhleb.
             Mangled by Harold (24 damage)
             ... on level 7 of the Dungeon.
             The game lasted 00:18:29 (5797 turns).

Eitelfritz the Grappler (Troll Monk)                Turns: 5797, Time: 00:18:29

Health: -9/85      AC:  6    Str: 21    XL:     9   Next: 73%
Magic:  11/11      EV: 11    Int:  9    God:    Makhleb [**....]
Gold:   263        SH:  0    Dex: 12    Spells: 9/12 levels left

rFire    . . .     SeeInvis .     - Unarmed
rCold    . . .     Faith    .   (no shield)
rNeg     + . .     Spirit   .   a - +1 robe
rPois    .         Reflect  .   (helmet restricted)
rElec    .         Harm     .   w - +0 cloak
rCorr    .         Rampage  .   (gloves unavailable)
Will     .....                  (boots unavailable)
Stlth    ++........             (no amulet)
HPRegen  1.24/turn              l - ring of positive energy
MPRegen  0.12/turn              (no ring)

@: marked
A: large, unfitting armour, claws 3, regeneration 1, shaggy fur 1, tough skin 1
a: Renounce Religion, Minor Destruction


You were on level 7 of the Dungeon.
You worshipped Makhleb.
Makhleb was pleased with you.
You visited 2 branches of the dungeon, and saw 8 of its levels.

You collected 263 gold pieces.

Inventory:

Hand Weapons
 f - a +3 flail of protection
Missiles
 d - 14 poisoned darts (quivered)
 n - a throwing net
 o - 4 javelins
Armour
 a - a +1 robe (worn)
 h - a scarf of harm
 w - a +0 cloak (worn)
Jewellery
 l - a ring of positive energy (left claw)
 r - a +6 ring of intelligence
Wands
 p - a wand of polymorph (7)
 u - a wand of digging (3)
Scrolls
 b - a scroll of enchant weapon
 i - 4 scrolls of immolation
 t - 2 scrolls of teleportation
 x - a scroll of magic mapping
Potions
 c - 2 potions of attraction
 e - 2 potions of haste
 g - 4 potions of curing
 j - a potion of resistance
 k - a potion of cancellation {unknown}
 m - 2 potions of lignification
 q - 2 potions of heal wounds {unknown}
 s - a potion of flight {unknown}
 v - a potion of brilliance {unknown}


   Skills:
 + Level 4.3 Fighting
 + Level 0.2 Throwing
 + Level 5.6 Dodging
 + Level 2.3 Stealth
 + Level 9.5 Unarmed Combat
 + Level 2.4 Spellcasting
 + Level 3.1 Necromancy
 * Level 1.7 Invocations


You had 9 spell levels left.
You knew the following spells:

 Your Spells              Type           Power      Damage    Failure   Level
a - Animate Skeleton      Necr           12%        N/A       9%          1
b - Apportation           Tloc           2%         N/A       32%         1
c - Corona                Hex            1%         N/A       32%         1

Your spell library contained the following spells:

 Spells                   Type           Power      Damage    Failure   Level
 Sublimation of Blood     Necr           3%         N/A       13%         2
 Summon Small Mammal      Summ           4%         N/A       32%         1
 Dazzling Flash           Conj/Hex       2%         N/A       67%         3
 Iskenderun's Mystic Bla  Conj/Tloc      1%         2d3       97%         4
 Petrify                  Tmut/Erth      1%         N/A       97%         4
 Irradiate                Conj/Tmut      0%         3d13      100%        5
 Starburst                Conj/Fire      0%         6d3       100%        6


Dungeon Overview and Level Annotations

Branches:
Dungeon (7/15)             Temple (1/1) D:6

Altars:
Ashenzari
Cheibriados
Dithmenos
Elyvilon
Fedhas
Gozag
Hepliaklqana
Kikubaaqudgha
Makhleb
Nemelex Xobeh
Okawaru
Qazlal
Ru
Sif Muna
Trog
Uskayaw
Vehumet
Wu Jian
Xom
Yredelemnul
Zin
The Shining One

Annotations:
D:7 Harold


Innate Abilities, Weirdness & Mutations

You are too large for most types of armour.
You have claws for hands.
Your natural rate of healing is unusually fast.
You are covered in fur. (AC +1)
You have tough skin. (AC +1)


Message History

Makhleb accepts your kill.
Found a stone staircase leading down.
There is a stone staircase leading down here.
Found 2 potions of curing.
Harold the Weathered comes into view.
He is wielding a +1 halberd of freezing.
Found 14 gold pieces.
Harold casts a spell at you. A sentinel's mark forms upon you.
Harold closely misses you.
Harold hits you with a +1 halberd of freezing!!
Harold freezes you!
You claw Harold!
Harold is moderately wounded.
Harold drinks a potion.
Harold suddenly seems more resistant.
You scratch Harold.
Harold is moderately wounded.
Harold hits you with a +1 halberd of freezing.
Harold freezes you.
You claw Harold!
Harold is heavily wounded.
You claw Harold!
Harold is heavily wounded.
Harold hits you with a +1 halberd of freezing!!
Harold freezes you.
You barely miss Harold.
Harold is heavily wounded.
Harold closely misses you.
You mangle Harold!!
Harold is severely wounded.
Harold hits you with a +1 halberd of freezing!!
* * * LOW HITPOINT WARNING * * *
Harold freezes you!
* * * LOW HITPOINT WARNING * * *
You scratch Harold.
Harold is almost dead.
Harold completely misses you.
You scratch Harold. You claw Harold!
Harold is almost dead.
Harold hits you with a +1 halberd of freezing!!
You die...

##.#.# ...#.# #..#.#
#..#.# #..#.# #
#..#.########
#.######..#.........
#.........#.########
#....@##.##.#########
#.!.@.##...>.........
#.....##.##......####
#.....##.##.........#
#$....##.######.....#
########.# #.....##
#.. +.....#. ###
#...#.#. #...#.#.


You could see Harold (resistant).

Vanquished Creatures
  A centaur zombie (D:5)
  Grinder (D:5)
  Sigmund (D:5)
  Eustachio (D:6)
  Menkaure (D:5)
  Edmund (D:4)
  A sky beast (D:6)
  A black bear (D:7)
  2 ogres
  3 centaurs (D:7)
  A phantom (D:6)
  3 bullfrogs
  2 gnoll sergeants
  A wyvern zombie (D:7)
  2 scorpions (D:6)
  A water moccasin zombie (D:5)
  4 killer bees
  2 howler monkeys
  A hound (D:4)
  A bullfrog skeleton (D:5)
  A bullfrog zombie (D:6)
  Crazy Yiuf (D:6)
  2 jellies (D:4)
  3 orc priests (D:5)
  An iguana (D:4)
  5 orc wizards
  A killer bee zombie (D:6)
  9 river rats (D:6)
  11 adders
  9 gnolls
  A shadow imp (D:6)
  2 white imps
  An ufetubus (D:6)
  An adder skeleton (D:4)
  A worm (D:2)
  4 dart slugs
  17 orcs
  4 bats
  6 endoplasms
  2 giant cockroaches
  5 goblins
  3 hobgoblins
  4 jackals (D:1)
  7 quokkas
  7 ball pythons
  4 frilled lizards
  4 kobolds
  17 rats
164 creatures vanquished.

Vanquished Creatures (collateral kills)
  A jelly (D:5)
  A ball python (D:4)
2 creatures vanquished.

Grand Total: 166 creatures vanquished

Notes
Turn   | Place    | Note
-------+----------+-------------------------------------------
     0 | D:1      | Eitelfritz the Troll Monk began the quest for the Orb.
     0 | D:1      | Reached XP level 1. HP: 22/22 MP: 0/0
   134 | D:1      | Reached XP level 2. HP: 29/29 MP: 1/1
   284 | D:1      | Learned a level 1 spell: Animate Skeleton
   291 | D:1      | Found a faded altar of an unknown god.
   578 | D:2      | Reached XP level 3. HP: 36/36 MP: 2/2
   582 | D:2      | Found an iron altar of Okawaru.
   772 | D:2      | Reached XP level 4. HP: 41/44 MP: 3/3
   862 | D:2      | Reached skill level 4 in Unarmed Combat
  1901 | D:3      | Reached XP level 5. HP: 50/50 MP: 4/4
  2025 | D:3      | Found a broken altar of Ashenzari.
  2344 | D:4      | Noticed Edmund
  2359 | D:4      | Killed Edmund
  2360 | D:4      | Reached skill level 5 in Unarmed Combat
  2360 | D:4      | Reached skill level 1 in Necromancy
  2360 | D:4      | Reached XP level 6. HP: 22/59 MP: 5/5
  2778 | D:4      | HP: 2/59 [ogre (25)]
  2826 | D:4      | Reached skill level 6 in Unarmed Combat
  2826 | D:4      | Reached skill level 1 in Spellcasting
  2826 | D:4      | Reached XP level 7. HP: 64/66 MP: 7/7
  3056 | D:4      | Learned a level 1 spell: Apportation
  3058 | D:4      | Learned a level 1 spell: Corona
  3059 | D:5      | Entered Level 5 of the Dungeon
  3150 | D:5      | Noticed Grinder
  3150 | D:5      | Noticed Menkaure
  3160 | D:5      | Killed Grinder
  3164 | D:5      | Killed Menkaure
  3165 | D:5      | Reached skill level 7 in Unarmed Combat
  3165 | D:5      | Reached XP level 8. HP: 9/75 MP: 7/9
  3814 | D:5      | Noticed Sigmund
  3824 | D:5      | Killed Sigmund
  3841 | D:5      | Reached skill level 8 in Unarmed Combat
  3866 | D:5      | Reached skill level 5 in Dodging
  4028 | D:6      | Reached XP level 9. HP: 84/84 MP: 10/10
  4069 | D:6      | Found a staircase to the Ecumenical Temple.
  4434 | D:6      | Reached skill level 9 in Unarmed Combat
  4686 | D:6      | Noticed Eustachio
  4698 | D:6      | Killed Eustachio
  4870 | D:6      | Found a runed translucent door.
  4871 | D:6      | Noticed Crazy Yiuf
  5063 | D:6      | Killed Crazy Yiuf
  5144 | Temple   | Entered the Ecumenical Temple
  5391 | Temple   | Became a worshipper of Makhleb the Destroyer
  5391 | Temple   | Reached * piety under Makhleb
  5391 | Temple   | Reached ** piety under Makhleb
  5528 | D:7      | Reached skill level 1 in Invocations
  5787 | D:7      | Noticed Harold
  5797 | D:7      | Mangled by Harold

Illustrated notes

Levels and vault maps discovered:
D:1:      dpeg_arrival_arbitrary_c, layout_rooms,
          shapermc_ecumenical_altar_pompeii, minmay_strange_pillars,
          minmay_door_square, minmay_tetromino_l2
D:2:      layout_basic, basic_altar, kennysheep_cross_bottleneck, minmay_cupped
D:3:      layout_basic, mainiacjoe_overflow_paths, nicolae_underground_beach
D:4:      layout_rooms, st_stairs_11, uniq_edmund
D:5:      layout_loops_cross, uniq_sigmund, uniq_grinder, uniq_menkaure
D:6:      lemuel_ratsnest, layout_loops_ring, minmay_temple_entry_tees,
          uniq_crazy_yiuf_cottage, uniq_eustachio
D:7:      layout_basic, serial_corexii_hall, chequers_hall_statues_y,
          corexii_hall_statues_i, corexii_hall_statues_t,
          corexii_hall_statues_l, serial_shops, kennysheep_mini_moat,
          uniq_harold
Temple:   nicolae_temple_the_god_donut

Skill      XL: |  1  2  3  4  5  6  7  8  9 |
---------------+----------------------------+-----
Unarmed Combat | 4 5 6 7 8 9 |  9.5
Dodging        | 3 4 5 |  5.6
Necromancy     | 1 2 3 |  3.1
Spellcasting   | 1 2 |  2.4
Fighting       | 3 4 |  4.3
Stealth        | 2 |  2.3
Invocations    | 1 |  1.7
Throwing       | |  0.2

Action                   |  1- 3 |  4- 6 |  7- 9 || total
-------------------------+-------+-------+-------++-------
Melee: Unarmed           |    84 |   138 |   307 ||   529
       Punch             |     1 |     1 |    20 ||    22
Throw: Dart              |       |     2 |       ||     2
 Cast: Animate Skeleton  |     3 |    11 |    27 ||    41
  Use: Scroll            |       |     8 |     5 ||    13
       Potion            |       |       |     1 ||     1
 Stab: Sleeping          |     3 |     2 |     2 ||     7
       Distracted        |       |       |     1 ||     1
Armor: Robe              |    36 |    36 |    90 ||   162
Dodge: Dodged            |    37 |    62 |   199 ||   298
